 Dungeon Crawl Stone Soup version 0.31-a0-214-gb37851dbb3 (webtiles) character file.

Game seed: 5397749974782984618

13912 qw the Cleaver (level 12, -7/76 HPs)
             Began as a Gargoyle Fighter on July 1, 2023.
             Was a High Priest of Okawaru.
             Mangled by a komodo dragon (11 damage)
             ... on level 2 of the Lair of Beasts.
             The game lasted 00:04:35 (9863 turns).

qw the Cleaver (Gargoyle Fighter)                   Turns: 9863, Time: 00:04:35

Health: -7/76      AC: 31    Str: 24    XL:     12   Next: 11%
Magic:  16/18      EV:  9    Int: 10    God:    Okawaru [*****.]
Gold:   634        SH:  8    Dex:  9    Spells: 11/11 levels left

rFire   + . .        Y - +0 broad axe
rCold   . . .        s - +2 buckler
rNeg    + . .        v - +0 plate armour
rPois   inf          g - +2 helmet
rElec   +            p - +0 cloak
rCorr   .            (no gloves)
SInv    .            l - +0 pair of boots
Will    +....        (no amulet) Stlth
                     h - +4 ring of slaying {mikee}
HPRegen 0.32/turn    r - ring of protection from fire
MPRegen 0.16/turn

%: no passive effects
@: about to teleport, heroic
A: sickness immunity, AC +8, negative energy resistance 1, electricity
resistance, torment resistance 1, petrification resistance, strong-willed 1
a: Renounce Religion, Heroism, Finesse, Duel


You were on level 2 of the Lair of Beasts.
You worshipped Okawaru.
Okawaru was extremely pleased with you.
You visited 3 branches of the dungeon, and saw 11 of its levels.

You collected 634 gold pieces.


Innate Abilities, Weirdness & Mutations

You are immune to sickness and miasma.
Your stone body is resilient. (AC +8)
You are immune to poison.
You resist negative energy. (rN+)
You are resistant to electric shocks. (rElec)
You are resistant to unholy torment.
You are immune to petrification.
You are strong-willed. (Will+)


   Skills:
 - Level 9.3(14.3) Fighting
 - Level 12.0(17.0) Axes
 - Level 1.1(6.1) Throwing
 + Level 8.7(13.7) Armour
 - Level 2.0(7.0) Dodging
 - Level 5.0(10.0) Shields
 + Level 9.1 Invocations


You had 11 spell levels left.
You didn't know any spells.
Your spell library was empty.

Inventory:

Hand Weapons
 b - a +2 flail of draining
 m - a +0 flail
 Y - a +0 broad axe (weapon)
Missiles
 q - a boomerang (quivered)
Armour
 g - a +2 helmet (worn)
 l - a +0 pair of boots (worn)
 p - a +0 cloak (worn)
 s - a +2 buckler (worn)
 v - a +0 plate armour (worn)
 x - the +4 leather armour of Idealism {Harm rF- rCorr Stlth+}
   (You found it on level 8 of the Dungeon)

   rF:        It makes you vulnerable to fire.
   rCorr:     It protects you from acid and corrosion.
   Harm:      It increases damage dealt and taken.
   Stlth:     It makes you more stealthy.
Jewellery
 h - a +4 ring of slaying (left hand) {mikee}
 i - a ring of protection from cold
 r - a ring of protection from fire (right hand)
 w - a +6 ring of dexterity
Scrolls
 e - 2 scrolls of identify
 n - 7 scrolls of teleportation
Potions
 a - 4 potions of enlightenment
 d - a potion of might
 f - a potion of resistance
 j - 2 potions of mutation
 k - a potion of cancellation
 o - 4 potions of curing
 z - 2 potions of magic

Dungeon Overview and Level Annotations

Branches:
Dungeon (8/15)             Temple (1/1) D:5            Lair (2/5) D:8
 Spider (0/4) Lair:2
  Swamp: Lair:2-3    Shoals: Lair:2-3

Altars:
Cheibriados
Dithmenos
Elyvilon
Fedhas
Gozag
Kikubaaqudgha
Makhleb
Nemelex Xobeh
Okawaru
Qazlal
Ru
Sif Muna
Trog
Uskayaw
Wu Jian
Xom
Yredelemnul
Zin
The Shining One

Shops:
D:1 =   D:8 *


Message History

The blink frog is moderately wounded.
You hit the komodo dragon but do no damage.
You miss the blink frog. The komodo dragon bites you.
The blink frog barely misses you.
The blink frog blinks!
You slice the blink frog!!
The blink frog is almost dead.
You slash the komodo dragon!
The blink frog blinks!
You block the komodo dragon's attack.
You hit the komodo dragon but do no damage.
The komodo dragon is moderately wounded.
The komodo dragon bites you but does no damage.
You hit the komodo dragon but do no damage.
The komodo dragon is moderately wounded.
You slice the komodo dragon!!
The komodo dragon is severely wounded.
The komodo dragon bites you.
The blink frog hits you but does no damage.
The blink frog blinks!
You closely miss the blink frog.
The blink frog is severely wounded.
You barely miss the komodo dragon. You block the komodo dragon's attack.
The blink frog hits you but does no damage.
You barely miss the blink frog.
The blink frog is severely wounded.
You slash the komodo dragon!
You feel like a meek peon again.
The komodo dragon bites you but does no damage.
You block the blink frog's attack.
9862 ||| INVOKING Heroism.
You gain the combat prowess of a mighty hero.
You block the blink frog's attack. The komodo dragon bites you!!
The blink frog hits you but does no damage.
9863 ||| READING 8 scrolls of teleportation.
As you read the scroll of teleportation, it crumbles to dust.
You feel strangely unstable.
The blink frog hits you but does no damage.
You block the blink frog's attack. The komodo dragon bites you!
You die...

##.#..## #####.#...# #
#..#...#### ..
#.......##. ...##
##.....P... #...#
##..PP.... #...#
#######..####.#.
#..l##.##....#.# ####
#.F@..##.#P####
##F#.###.### #
#.##.#...# . ...#P.....#
####### . ... #......#
#......##
............####.[..#..#
.........#.............#
..P......#..P......8...+
...>..................


You could see a komodo dragon and 2 blink frogs.

Vanquished Creatures
  2 two-headed ogres (D:8)
  A deep elf pyromancer (D:7)
  2 black mambas (Lair:2)
  Maggie (D:6)
  3 cane toads
  3 komodo dragons
  A meliai (Lair:2)
  8 blink frogs (Lair:1)
  2 wyverns (Lair:2)
  A steam dragon (D:8)
  14 yaks
  An acid dragon (D:7)
  Duvessa (D:6)
  7 water moccasins
  2 ice beasts
  3 orc warriors (D:8)
  A sky beast (D:8)
  A black bear (D:5)
  11 wolves
  An ogre (D:4)
  2 centaurs (D:8)
  2 phantoms (D:5)
  2 kobold brigands
  8 bullfrogs
  4 scorpions
  9 wights
  Dowan (D:6)
  6 killer bees (Lair:2)
  4 howler monkeys
  2 gnoll boudas
  A jelly (D:5)
  An orc priest (D:5)
  3 hounds
  A sleepcap (D:6)
  12 orc wizards
  6 iguanas
  17 gnolls
  4 adders
  A shadow imp (D:6)
  2 white imps
  An ufetubus (D:5)
  2 dart slugs (D:4)
  30 orcs
  6 ball pythons
  3 bats
  9 endoplasms
  5 giant cockroaches
  6 goblins
  6 hobgoblins
  6 jackals (D:1)
  A quokka (D:3)
  3 frilled lizards
  24 kobolds
  4 rats
260 creatures vanquished.

Notes
Turn   | Place    | Note
-------+----------+-------------------------------------------
     0 | D:1      | qw the Gargoyle Fighter began the quest for the Orb.
     0 | D:1      | Reached XP level 1. HP: 14/14 MP: 1/1
     0 | D:1      | 0 ||| qw: Version: 0.3-a-32-g5962c71
     0 | D:1      | 0 ||| qw: Game counter: 7579
     0 | D:1      | 0 ||| qw: Melee chars always use a shield: true
     0 | D:1      | 0 ||| qw: God list: Okawaru
     0 | D:1      | 0 ||| qw: Allow faded altars: false
     0 | D:1      | 0 ||| qw: Do Orc after clearing Dungeon:15 true
     0 | D:1      | 0 ||| qw: Do second Lair branch before Depths: true
     0 | D:1      | 0 ||| qw: Lair rune preference: random
     0 | D:1      | 0 ||| qw: Goals: Normal, Zot:1-4, Slime:5, God:TSO, Crypt,
                  | Tomb, Abyss, Pan, Hells, Win
     0 | D:1      | 0 ||| PLANNING D:1-11
    49 | D:1      | Reached skill level 2 in Axes
    53 | D:1      | Found a faded altar of an unknown god.
    72 | D:1      | Reached XP level 2. HP: 15/19 MP: 2/2
   278 | D:1      | Found Ismatz's Jewellery Emporium.
   290 | D:1      | 290 ||| SHOPLISTING +4 ring of protection (504 gold, have
                  | 77).
   290 | D:1      | 290 ||| SHOPLISTING amulet "Nour Aci" {Spirit Str+3 Int+5}
                  | (753 gold, have 77).
   290 | D:1      | 290 ||| SHOPLISTING amulet of faith (560 gold, have 77).
   290 | D:1      | 290 ||| SHOPLISTING ring "Karghier" {rC+++ Dex-5 SInv} (651
                  | gold, have 77).
   290 | D:1      | 290 ||| SHOPLISTING ring of ice (350 gold, have 77).
   290 | D:1      | 290 ||| SHOPLISTING ring of positive energy (280 gold, have
                  | 77).
   290 | D:1      | 290 ||| SHOPLISTING ring of resist corrosion (280 gold,
                  | have 77).
   300 | D:1      | Reached skill level 3 in Axes
   328 | D:1      | Reached XP level 3. HP: 23/23 MP: 3/3
   863 | D:1      | 863 ||| UPGRADING to +0 helmet.
   868 | D:1      | 868 ||| UPGRADING to +4 ring of slaying {mikee}.
   869 | D:1      | 869 ||| READING scroll labelled MET ANELUSIREO.
   884 | D:1      | 884 ||| READING scroll labelled VUPOAPN DUBLE.
   885 | D:1      | 885 ||| READING scroll labelled WUC QYDAUQO.
   886 | D:1      | 886 ||| READING scroll labelled WIRAUNGIUSYRR.
  1090 | D:2      | 1090 ||| Stepping ~*~*~tactically~*~*~ (hiding).
  1107 | D:2      | 1107 ||| FLEEEEING.
  1126 | D:2      | 1126 ||| Stepping ~*~*~tactically~*~*~ (stealth).
  1259 | D:2      | Reached XP level 4. HP: 25/28 MP: 4/4
  1262 | D:2      | Reached skill level 4 in Axes
  1294 | D:2      | 1294 ||| DROPPING +0 whip.
  1420 | D:2      | 1420 ||| Stepping ~*~*~tactically~*~*~ (hiding).
  1582 | D:2      | 1582 ||| UPGRADING to +0 pair of boots.
  1587 | D:2      | 1587 ||| READING scroll labelled XAAWUH ZARIGIA.
  1588 | D:2      | 1588 ||| READING scroll labelled URIEFOEFAL.
  1954 | D:3      | 1954 ||| Stepping ~*~*~tactically~*~*~ (stealth).
  2130 | D:3      | 2130 ||| Stepping ~*~*~tactically~*~*~ (stealth).
  2131 | D:3      | 2131 ||| Stepping ~*~*~tactically~*~*~ (stealth).
  2241 | D:3      | 2241 ||| UPGRADING to +1 scale mail of fire resistance.
  2251 | D:3      | 2251 ||| DROPPING +0 scale mail.
  2252 | D:3      | 2252 ||| READING scroll labelled QEEJAEDETS.
  2300 | D:4      | Reached XP level 5. HP: 32/32 MP: 5/5
  2308 | D:4      | HP: 7/32 [gnoll/+2 flail of draining (5)]
  2423 | D:4      | Reached skill level 5 in Axes
  2457 | D:4      | 2457 ||| Stepping ~*~*~tactically~*~*~ (stealth).
  2505 | D:4      | 2505 ||| Stepping ~*~*~tactically~*~*~ (stealth).
  2606 | D:4      | 2606 ||| Stepping ~*~*~tactically~*~*~ (hiding).
  2607 | D:4      | 2607 ||| Stepping ~*~*~tactically~*~*~ (hiding).
  2608 | D:4      | 2608 ||| Stepping ~*~*~tactically~*~*~ (hiding).
  2747 | D:4      | Reached XP level 6. HP: 38/38 MP: 6/6
  2774 | D:4      | Reached skill level 1 in Dodging
  2790 | D:4      | 2790 ||| Stepping ~*~*~tactically~*~*~ (hiding).
  2800 | D:4      | Reached XP level 7. HP: 36/43 MP: 7/7
  2801 | D:4      | Reached skill level 6 in Axes
  2974 | D:4      | 2974 ||| Stepping ~*~*~tactically~*~*~ (hiding).
  3280 | D:4      | Found a shimmering blue altar of Sif Muna.
  3512 | D:4      | 3512 ||| DROPPING +1 hat.
  3513 | D:4      | 3513 ||| DRINKING 4 yellow potions.
  3513 | D:4      | Gained mutation: Your body sometimes deteriorates upon
                  | taking damage. [potion of mutation]
  3513 | D:4      | Gained mutation: You sometimes lose your temper in combat.
                  | [potion of mutation]
  3513 | D:4      | Lost mutation: Your body sometimes deteriorates upon taking
                  | damage. [potion of mutation]
  3513 | D:4      | Gained mutation: You passively dampen the noise of your
                  | surroundings. [potion of mutation]
  3514 | D:4      | 3514 ||| DRINKING 3 potions of mutation.
  3514 | D:4      | Lost mutation: You passively dampen the noise of your
                  | surroundings. [potion of mutation]
  3514 | D:4      | Lost mutation: You sometimes lose your temper in combat.
                  | [potion of mutation]
  3514 | D:4      | Gained mutation: You are strong-willed. (Will+) [potion of
                  | mutation]
  3519 | D:5      | Entered Level 5 of the Dungeon
  3528 | D:5      | 3528 ||| STAIRDANCE
  3835 | D:5      | Reached skill level 7 in Axes
  3859 | D:5      | Found a blossoming altar of Fedhas.
  3895 | D:5      | Reached XP level 8. HP: 41/49 MP: 8/8
  4040 | D:5      | Found a staircase to the Ecumenical Temple.
  4041 | D:5      | 4041 ||| PLANNING TEMPLE
  4055 | D:5      | 4055 ||| READING 3 scrolls labelled METIOSTEILO.
  4056 | D:5      | 4056 ||| DRINKING 2 fizzy inky potions.
  4057 | D:5      | 4057 ||| DRINKING 3 fizzy black potions.
  4058 | D:5      | 4058 ||| DROPPING potion of degeneration.
  4059 | D:5      | 4059 ||| DROPPING 2 scrolls of fear.
  4061 | D:5      | Found a basalt altar of Yredelemnul.
  4072 | Temple   | Entered the Ecumenical Temple
  4123 | Temple   | 4123 ||| PLANNING OKAWARU WORSHIP
  4223 | Temple   | Became a worshipper of Warmaster Okawaru
  4224 | Temple   | 4224 ||| PLANNING D:1-11
  4346 | D:5      | Reached skill level 8 in Axes
  4461 | D:5      | Found a burning altar of Makhleb.
  4613 | D:6      | 4613 ||| Stepping ~*~*~tactically~*~*~ (hiding).
  4620 | D:6      | Reached skill level 6 in Fighting
  4643 | D:6      | Identified the +10 hand axe "Joneb" {freeze, rF+ Int+6}
  4943 | D:6      | 4943 ||| Stepping ~*~*~tactically~*~*~ (hiding).
  4956 | D:6      | Noticed Maggie
  4967 | D:6      | Killed Maggie
  4967 | D:6      | Reached * piety under Okawaru
  4968 | D:6      | Reached skill level 9 in Axes
  4968 | D:6      | Reached XP level 9. HP: 30/55 MP: 9/9
  5134 | D:6      | Found a shadowy altar of Dithmenos.
  5277 | D:6      | Reached skill level 1 in Invocations
  5319 | D:6      | 5319 ||| Stepping ~*~*~tactically~*~*~ (stealth).
  5328 | D:6      | Noticed Duvessa
  5328 | D:6      | Noticed Dowan
  5329 | D:6      | 5329 ||| INVOKING Heroism.
  5331 | D:6      | 5331 ||| Stepping ~*~*~tactically~*~*~ (hiding).
  5338 | D:6      | Killed Duvessa
  5341 | D:6      | 5341 ||| INVOKING Heroism.
  5343 | D:6      | Killed Dowan
  5702 | D:6      | 5702 ||| UPGRADING to ring of protection from fire.
  5703 | D:6      | 5703 ||| READING scroll labelled IDY GEUSTRA.
  5704 | D:6      | 5704 ||| READING scroll labelled CIOCEC BYLUENT.
  5705 | D:6      | 5705 ||| READING scroll labelled DUYLELOXTA.
  5706 | D:6      | 5706 ||| DRINKING 2 grey potions.
  5707 | D:6      | 5707 ||| READING 3 scrolls of identify.
  5707 | D:6      | 5707 ||| IDENTIFYING lumpy inky potion
  5708 | D:6      | 5708 ||| READING 2 scrolls of identify.
  5708 | D:6      | 5708 ||| IDENTIFYING black potion
  5709 | D:6      | 5709 ||| DROPPING potion of brilliance.
  5715 | D:7      | 5715 ||| Stepping ~*~*~tactically~*~*~ (hiding).
  5718 | D:7      | 5718 ||| Stepping ~*~*~tactically~*~*~ (hiding).
  5834 | D:7      | 5834 ||| Stepping ~*~*~tactically~*~*~ (stealth).
  5894 | D:7      | Reached skill level 3 in Invocations
  6048 | D:7      | Noticed a deep elf pyromancer
  6059 | D:7      | Killed a deep elf pyromancer
  6059 | D:7      | Reached ** piety under Okawaru
  6060 | D:7      | Reached skill level 10 in Axes
  6173 | D:7      | 6173 ||| Stepping ~*~*~tactically~*~*~ (hiding).
  6255 | D:7      | Reached XP level 10. HP: 52/63 MP: 13/13
  6321 | D:7      | 6321 ||| INVOKING Heroism.
  6417 | D:7      | 6417 ||| SWAPPING to +3 war axe of freezing.
  6418 | D:7      | 6418 ||| DROPPING +1 heavy war axe.
  6477 | D:7      | Reached skill level 1 in Throwing
  6689 | D:7      | 6689 ||| READING scroll labelled LELIOM MORINIM.
  6690 | D:7      | 6690 ||| READING 2 scrolls of identify.
  6690 | D:7      | 6690 ||| IDENTIFYING emerald potion
  6854 | D:8      | 6854 ||| Stepping ~*~*~tactically~*~*~ (hiding).
  6892 | D:8      | Noticed a two-headed ogre
  6893 | D:8      | 6893 ||| INVOKING Heroism.
  6896 | D:8      | 6896 ||| Stepping ~*~*~tactically~*~*~ (hiding).
  6907 | D:8      | Killed a two-headed ogre
  6907 | D:8      | Reached *** piety under Okawaru
  6918 | D:8      | Reached skill level 11 in Axes
  7001 | D:8      | Noticed a two-headed ogre
  7002 | D:8      | 7002 ||| INVOKING Heroism.
  7003 | D:8      | 7003 ||| SWAPPING to +0 broad axe.
  7010 | D:8      | Killed a two-headed ogre
  7011 | D:8      | Reached skill level 9 in Fighting
  7141 | D:8      | 7141 ||| DROPPING +3 war axe of freezing.
  7152 | D:8      | 7152 ||| Stepping ~*~*~tactically~*~*~ (hiding).
  7186 | D:8      | Found a white marble altar of Elyvilon.
  7316 | D:8      | Reached **** piety under Okawaru
  7319 | D:8      | Found Zuuqiofu's Lightly-Used Armoury.
  7328 | D:8      | 7328 ||| SHOPLISTING -3 crystal plate armour (715 gold,
                  | have 509).
  7424 | D:8      | 7424 ||| INVOKING Heroism.
  7494 | D:8      | Found a staircase to the Lair.
  7680 | D:8      | Identified the +4 leather armour of Idealism {Harm rF-
                  | rCorr Stlth+}
  7693 | D:8      | 7693 ||| READING scroll of enchant armour.
  7693 | D:8      | 7693 ||| ENCHANTING +0 helmet.
  7769 | D:8      | 7769 ||| Stepping ~*~*~tactically~*~*~ (hiding).
  7846 | D:8      | Found a sparkling altar of Nemelex Xobeh.
  7849 | D:8      | 7849 ||| PLANNING LAIR
  7849 | D:8      | 7849 ||| UPGRADING to +0 cloak.
  7854 | D:8      | 7854 ||| UPGRADING to +0 chain mail.
  7864 | D:8      | 7864 ||| DROPPING +1 scale mail of fire resistance.
  7865 | D:8      | 7865 ||| UPGRADING to +0 plate armour.
  7875 | D:8      | 7875 ||| DROPPING +0 chain mail.
  7876 | D:8      | 7876 ||| READING 2 scrolls labelled XULAZAABUE.
  7877 | D:8      | 7877 ||| READING 3 scrolls of identify.
  7877 | D:8      | 7877 ||| IDENTIFYING fuming cyan potion
  7878 | D:8      | 7878 ||| READING 2 scrolls of identify.
  7878 | D:8      | 7878 ||| IDENTIFYING white potion
  7879 | D:8      | 7879 ||| DROPPING scroll of amnesia.
  7880 | D:8      | 7880 ||| DROPPING potion of invisibility.
  7938 | Lair:1   | Entered Level 1 of the Lair of Beasts
  7986 | Lair:1   | 7986 ||| INVOKING Heroism.
  8000 | Lair:1   | Reached skill level 6 in Armour
  8000 | Lair:1   | Reached XP level 11. HP: 60/71 MP: 12/14
  8039 | Lair:1   | 8039 ||| INVOKING Heroism.
  8071 | Lair:1   | 8071 ||| INVOKING Heroism.
  8252 | Lair:1   | 8252 ||| Stepping ~*~*~tactically~*~*~ (water).
  8320 | Lair:1   | 8320 ||| INVOKING Heroism.
  8444 | Lair:1   | 8444 ||| Stepping ~*~*~tactically~*~*~ (stealth).
  8459 | Lair:1   | 8459 ||| INVOKING Heroism.
  8461 | Lair:1   | Reached skill level 6 in Invocations
  8650 | Lair:1   | 8650 ||| INVOKING Heroism.
  8762 | Lair:1   | 8762 ||| INVOKING Heroism.
  8780 | Lair:1   | Reached ***** piety under Okawaru
  9002 | Lair:1   | 9002 ||| INVOKING Heroism.
  9132 | Lair:1   | 9132 ||| UPGRADING to +2 buckler.
  9142 | Lair:1   | 9142 ||| DROPPING +0 buckler.
  9332 | Lair:2   | 9332 ||| INVOKING Heroism.
  9461 | Lair:2   | 9461 ||| Stepping ~*~*~tactically~*~*~ (stealth).
  9462 | Lair:2   | 9462 ||| Stepping ~*~*~tactically~*~*~ (stealth).
  9463 | Lair:2   | 9463 ||| INVOKING Heroism.
  9620 | Lair:2   | 9620 ||| INVOKING Heroism.
  9646 | Lair:2   | 9646 ||| Stepping ~*~*~tactically~*~*~ (stealth).
  9647 | Lair:2   | 9647 ||| Stepping ~*~*~tactically~*~*~ (stealth).
  9653 | Lair:2   | 9653 ||| Stepping ~*~*~tactically~*~*~ (stealth).
  9655 | Lair:2   | 9655 ||| Stepping ~*~*~tactically~*~*~ (stealth).
  9657 | Lair:2   | 9657 ||| INVOKING Heroism.
  9669 | Lair:2   | Reached skill level 12 in Axes
  9680 | Lair:2   | Reached XP level 12. HP: 53/76 MP: 18/18
  9781 | Lair:2   | Found a hole to the Spider Nest.
  9788 | Lair:2   | 9788 ||| READING scroll of enchant armour.
  9788 | Lair:2   | 9788 ||| ENCHANTING +1 helmet.
  9833 | Lair:2   | 9833 ||| INVOKING Heroism.
  9846 | Lair:2   | Reached skill level 9 in Invocations
  9862 | Lair:2   | 9862 ||| INVOKING Heroism.
  9862 | Lair:2   | HP: 3/76 [komodo dragon (19)]
  9863 | Lair:2   | 9863 ||| READING 8 scrolls of teleportation.
  9863 | Lair:2   | Mangled by a komodo dragon

Levels and vault maps discovered:
D:1:      wheals_arrival_linesprint, layout_loops_ring, serial_shops,
          nicolae_shop_tiny_glass, dreamdust_ecumenical_altar_grove
D:2:      layout_loops_ring, lexackson_kobold_supper
D:3:      layout_loops_cross
D:4:      layout_loops_corners, led_sif_pool
D:5:      layout_gridville, fedhas_altar_3, mainiacjoe_overflow_tiny_flanked,
          lightli_temple_of_fire, minmay_temple_entry_butterflies
D:6:      layout_gridville, lemuel_coloured_pillars_altar, uniq_duvessa,
          uniq_maggie
D:7:      minmay_cornered_nines, layout_rooms
D:8:      layout_loops_ring, nemelex_diamond_rough_becter, kennysheep_mini_moat,
          dpeg_oklobed_lair, minmay_shop_damaged, minivault_10,
          minmay_joined_circles
Temple:   hellmonk_temple_flake
Lair:1:   layout_concentric_octagons, serial_rivers,
          chequers_serial_rivers_marsh, chequers_serial_rivers_small_a,
          chequers_serial_rivers_room_b, chequers_serial_rivers_micro_d,
          chequers_serial_rivers_large_a, infiniplex_staircase_pool
Lair:2:   layout_misc_corridors, hellmonk_spider_entry_not_the_bees,
          chequers_serial_rivers_room_a, grunt_forest_large_clearings,
          grunt_megastairs_1

Skill      XL: |  1  2  3  4  5  6  7  8  9 10 11 12 |
---------------+-------------------------------------+-----
Axes           | 2 3 4 5 7 9 10 11 12 | 12.0
Fighting       | 4 5 6 7 9 |  9.3
Dodging        | 1 2 |  2.0
Invocations    | 4 8 9 |  9.1
Shields        | 4 5 |  5.0
Armour         | 4 6 8 |  8.7
Throwing       | 1 |  1.1

Action                     |  1- 3 |  4- 6 |  7- 9 | 10-12 || total
---------------------------+-------+-------+-------+-------++-------
  Melee: War axe           |    55 |    73 |   180 |    50 ||   358
         Broad axe         |       |       |       |   261 ||   261
  Throw: Boomerang         |    42 |     7 |       |    77 ||   126
 Invoke: Heroism           |       |       |     2 |    18 ||    20
    Use: Scroll            |     4 |     3 |     6 |     8 ||    21
         Potion            |       |       |     5 |       ||     5
 Armour: Scale mail        |    30 |    48 |   107 |    51 ||   236
         Plate armour      |       |       |       |   145 ||   145
  Dodge: Dodged            |    29 |    44 |    86 |   109 ||   268
  Block: Buckler           |    10 |    17 |    36 |    89 ||   152

Table legend:
 A = Non-vault XP
 B = Vault XP
 C = Vault XP percentage of total XP
 D = Non-vault monster count
 E = Vault monster count
 F = Vault count percentage of total count
                 A         B        C        D         E       F
            +---------+---------+-------+---------+---------+-------
      Total |   13975 |    5900 |  29.7 |     224 |      36 |  13.8
            +---------+---------+-------+---------+---------+-------
        D:1 |      39 |       0 |   0.0 |      22 |       0 |   0.0
        D:2 |      74 |      11 |  12.9 |      15 |       8 |  34.8
        D:3 |      31 |       0 |   0.0 |      10 |       0 |   0.0
        D:4 |     613 |       0 |   0.0 |      30 |       0 |   0.0
        D:5 |     827 |       0 |   0.0 |      16 |       0 |   0.0
        D:6 |     722 |     622 |  46.3 |      36 |       3 |   7.7
        D:7 |    1435 |     984 |  40.7 |      32 |       3 |   8.6
        D:8 |     970 |    2469 |  71.8 |      18 |      11 |  37.9
     Lair:1 |    6172 |       0 |   0.0 |      28 |       0 |   0.0
     Lair:2 |    3092 |    1814 |  37.0 |      17 |      11 |  39.3
            +---------+---------+-------+---------+---------+-------
